 Dungeon Crawl Stone Soup version 0.28-a0-2-g643f2454ad (webtiles) character file.

Game seed: 9268260450310800161

0 Gargoyl the Skirmisher (level 1, -10/23 HPs)
             Began as a Gnoll Abyssal Knight on July 22, 2021.
             Was a Follower of Lugonu.
             Mangled by a small abomination (20 damage)
             ... on level 2 of the Abyss.
             The game lasted 00:01:15 (370 turns).

Gargoyl the Skirmisher (Gnoll Abyssal Knight)        Turns: 370, Time: 00:01:16

Health: -10/23     AC:  3    Str: 11    XL:     1   Next: 0%
Magic:  3/3        EV: 11    Int: 11    God:    Lugonu [*.....]
Gold:   14         SH:  0    Dex: 11    Spells: 0/0 levels left

rFire   . . .      SeeInvis .   a - +1 hand axe
rCold   . . .      Faith    .   (no shield)
rNeg    . . .      Spirit   .   c - +0 leather armour "Nitawk" {rElec Stlth+}
rPois   .          Reflect  .   (no helmet)
rElec   +          Harm     .   (no cloak)
rCorr   .          Rampage  .   (no gloves)
Will    .....                   (no boots)
Stlth   ++........              (no amulet)
HPRegen 0.07/turn               (no ring)
MPRegen 0.08/turn               (no ring)

@: no status effects
A: fangs 1, strong nose, distributed training
a: Renounce Religion, Depart the Abyss


You were on level 2 of the Abyss.
You worshipped Lugonu.
Lugonu was aware of your devotion.
You visited 0 branches of the dungeon, and saw 0 of its levels.
You visited the Abyss 1 time.

You collected 14 gold pieces.

Inventory:

Hand Weapons
 a - a +1 hand axe (weapon)
Armour
 b - a +0 leather armour
 c - the +0 leather armour "Nitawk" (worn) {rElec Stlth+}
   (You found it on level 2 of the Abyss)

   rElec:     It insulates you from electricity.
   Stlth:     It makes you more stealthy.


   Skills:
 + Level 6.4 Fighting
 + Level 0.0 Short Blades
 + Level 0.0 Long Blades
 + Level 4.4 Axes
 + Level 0.0 Maces & Flails
 + Level 0.0 Polearms
 + Level 0.0 Staves
 + Level 0.0 Slings
 + Level 0.0 Bows
 + Level 0.0 Crossbows
 + Level 0.0 Throwing
 + Level 4.4 Armour
 + Level 2.3 Dodging
 + Level 0.0 Stealth
 + Level 0.0 Shields
 + Level 0.0 Unarmed Combat
 + Level 0.0 Spellcasting
 + Level 0.0 Conjurations
 + Level 0.0 Hexes
 + Level 0.0 Summonings
 + Level 0.0 Necromancy
 + Level 0.0 Translocations
 + Level 0.0 Transmutations
 + Level 0.0 Fire Magic
 + Level 0.0 Ice Magic
 + Level 0.0 Air Magic
 + Level 0.0 Earth Magic
 + Level 0.0 Poison Magic
 + Level 4.4 Invocations
 + Level 0.0 Evocations


You couldn't memorise any spells.
You didn't know any spells.
Your spell library was empty.

Dungeon Overview and Level Annotations

Branches:
Dungeon (0/15)

Altars:


Innate Abilities, Weirdness & Mutations

You have very sharp teeth.
Your uncanny sense of smell can sniff out nearby items.
Your experience applies equally to all skills.


Message History

A small abomination is nearby!
A small abomination comes into view.
Found a puce potion.
You see here a puce potion.
c - a puce potion A tentacled starspawn comes into view.
It was a potion of heal wounds.
You feel much better. The small abomination hits you.
A tentacle flies out from the starspawn's body!
A starspawn tentacle comes into view.
A starspawn tentacle comes into view.
The small abomination closely misses you.
The small abomination closely misses you.
A small abomination comes into view.
A tentacle flies out from the starspawn's body!
Found a gateway leading deeper into the Abyss.
A starspawn tentacle comes into view.
The small abomination completely misses you.
There is a gateway leading deeper into the Abyss here.
The small abomination closely misses you.
The small abomination hits you!
You plunge deeper into the Abyss.
Found a faintly humming leather armour.
Unknown command.
You see here the +0 leather armour "Nitawk" {rElec Stlth+}.
c - the +0 leather armour "Nitawk" {rElec Stlth+} You start removing your armour.
You continue taking off your +0 leather armour. x4
You finish taking off your +0 leather armour.
You start putting on your armour.
You continue putting on the +0 leather armour "Nitawk" {rElec Stlth+}. x5
You finish putting on the +0 leather armour "Nitawk" {rElec Stlth+}.
A large abomination comes into view.
Found 12 stones.
A small abomination comes into view.
You see here 12 stones.
The small abomination hits you! The small abomination hits you!!
Ouch! That really hurt!
You die...

#. .. #.. . . ... .
..... ##.# .. . #. ###
.#.# #....#.. ##.#
.....#.# ...## ..#....
#..
##.....###.....#....###.
.#..#.#...#.####.... .
........#...##..#.#.#.#
.......@x.#...#.#...#
###...#..###....(....# .
#.#. .###.#..#..# #
##..###.# # #.#...## .#
#. #.# .# #..###.## #.
## #.##.##..## #. . ##
#.#.. ##. . # #
###.#...#.#.# ∆ .. .
.##.#


You could see a small abomination.

Vanquished Creatures (others)
  4 starspawn tentacles (Abyss:1)
4 creatures vanquished.

Notes
Turn   | Place    | Note
-------+----------+-------------------------------------------
     0 | Abyss:1  | Gargoyl the Gnoll Abyssal Knight began the quest for the
                  | Orb.
     0 | Abyss:1  | Reached XP level 1. HP: 23/23 MP: 3/3
   107 | Abyss:1  | Noticed a raiju
   242 | Abyss:1  | Noticed a small abomination
   251 | Abyss:1  | Noticed a small abomination
   255 | Abyss:1  | Noticed a tentacled starspawn
   265 | Abyss:1  | Noticed a small abomination
   270 | Abyss:1  | Noticed a large abomination
   280 | Abyss:2  | Identified the +0 leather armour "Nitawk" {rElec Stlth+}
   293 | Abyss:2  | Noticed a large abomination
   296 | Abyss:2  | Noticed a white draconian monk
   359 | Abyss:2  | Noticed a small abomination
   370 | Abyss:2  | Mangled by a small abomination

Illustrated notes

Levels and vault maps discovered:
Abyss:2:  base:
Temple

Action                   || total
-------------------------++-------
  Use: Potion            ||     2
Dodge: Dodged            ||     4

Table legend: (Time is in decaauts)
 A = Elapsed time spent in this place.
 B = Non-inter-level travel time spent in this place.
 C = Inter-level travel time spent in this place.
 D = Time resting spent in this place.
 E = Time spent auto-exploring this place.
 F = Levels seen in this place.
 G = Mean time per level.
                   A        B        C        D        E       F      G
               +--------+--------+--------+--------+--------+-----+--------+
         Total |    369 |    369 |      0 |      0 |    215 |   2 |  184.5 |
         Abyss |    369 |    369 |      0 |      0 |    215 |   2 |  184.5 |
               +--------+--------+--------+--------+--------+-----+--------+

Top non-repeatable levels by time:
 Abyss:1: 273 daAuts
 Abyss:2: 96 daAuts
